 Dungeon Crawl Stone Soup version 0.29-a0-356-g7bc237e783 (webtiles) character file.

Game seed: 10047810328787916822

7 spaghetti the Magician (level 1, -30/13 HPs)
             Began as a Demonspawn Hedge Wizard on Apr 26, 2022.
             Killed by an exploding hobgoblin (38 damage)
             ... ignited by their inner flame
             ... on level 1 of the Dungeon.
             The game lasted 00:00:46 (188 turns).

spaghetti the Magician (Demonspawn Hedge Wizard)     Turns: 188, Time: 00:00:47

Health: -30/13     AC:  2    Str: 10    XL:     1   Next: 91%
Magic:  0/4        EV: 12    Int: 15    God:
Gold:   13         SH:  0    Dex: 12    Spells: 5/6 levels left

rFire   . . .      SeeInvis .   a - +0 dagger {short}
rCold   . . .      Faith    .   (no shield)
rNeg    . . .      Spirit   .   b - +0 robe
rPois   .          Reflect  .   c - +0 hat
rElec   .          Harm     .   (no cloak)
rCorr   .          Rampage  .   (no gloves)
Will    .....                   (no boots)
Stlth   ++........              (no amulet)
HPRegen 0.04/turn               (no ring)
MPRegen 0.09/turn               (no ring)

@: very slightly contaminated
A: no striking features
a: no special abilities


You were on level 1 of the Dungeon.
You visited 1 branch of the dungeon, and saw 1 of its levels.

You collected 13 gold pieces.


   Skills:
 - Level 1.7 Dodging
 - Level 1.7 Stealth
 - Level 3.0 Spellcasting
 + Level 2.0 Conjurations
 - Level 1.0 Summonings
 - Level 0.8 Translocations


You had 5 spell levels left.
You knew the following spells:

 Your Spells              Type           Power      Damage    Failure   Level
a - Magic Dart            Conj           32%        1d4       9%          1

Your spell library contained the following spells:

 Spells                   Type           Power      Damage    Failure   Level
 Slow                     Hex            8%         N/A       21%         1
 Call Imp                 Summ           5%         N/A       21%         2
 Blink                    Tloc           8%         N/A       22%         2
 Conjure Flame            Conj/Fire      5%         6-21      36%         3
 Mephitic Cloud           Conj/Pois/Air  4%         N/A       41%         3

Inventory:

Hand Weapons
 a - a +0 dagger (weapon) {short}
Missiles
 e - 14 stones {throwing}
Armour
 b - a +0 robe (worn)
 c - a +0 hat (worn)

Dungeon Overview and Level Annotations

Branches:
Dungeon (1/15)

Altars:

#............)
##..g....g....
##..#..........
#..##.#.##.....
##.###.#.#
.....
###(.#...#.#
..$.
#ยงยง....##w>.
.$.. #โ—‹######
... #@# . ###


There were no monsters in sight!


Message History

No target in view!
A hobgoblin comes into view.
A hobgoblin is nearby!
A hobgoblin is nearby!
A hobgoblin is nearby!
No target in range!
A dart slug comes into view.
Found 3 gold pieces.
Found a stone staircase leading down. ๐Ÿ˜Ž MP[+1]
The dart slug launches a dart at you. The slug dart hits you. ๐Ÿ˜• HP[-3]
You take 3 damage, and now have 10/13 hp.
MASSIVE DAMAGE!! (PAUSE)
A dart slug is nearby!
You are too injured to fight recklessly!
Aiming: Magic Dart (safe; 10% risk of failure)
Press: ? - help, Q - select action, (/) - cycle Shift-Dir - straight line, f - dart slug
Aim: a dart slug (100% to hit)
The magic dart hits the dart slug. ๐Ÿ˜• MP[-1]
You lost 1 mp, and now have 0/4 mp.
Magic courses through your body. ๐Ÿ˜• HP[+1] MP[+4]
Your mp is fully restored (4).
Aiming: Magic Dart (safe; 10% risk of failure)
Press: ? - help, Q - select action, (/) - cycle Shift-Dir - straight line, f/p - dart slug
Aim: a dart slug (moderately wounded, 100% to hit)
The magic dart hits the dart slug. ๐Ÿ˜• MP[-1]
You lost 1 mp, and now have 3/4 mp.
Aiming: Magic Dart (safe; 10% risk of failure)
Press: ? - help, Q - select action, (/) - cycle Shift-Dir - straight line, f/p - dart slug
Aim: a dart slug (heavily wounded, 100% to hit)
The magic dart hits the dart slug.
The dart slug launches a dart at you. The slug dart misses you.
Aiming: Magic Dart (safe; 10% risk of failure)
Press: ? - help, Q - select action, (/) - cycle Shift-Dir - straight line, f/p - dart slug
Aim: a dart slug (severely wounded, 100% to hit)
The magic dart hits the dart slug but does no damage. ๐Ÿ˜• MP[-1]
You lost 1 mp, and now have 2/4 mp.
Aiming: Magic Dart (safe; 10% risk of failure)
Press: ? - help, Q - select action, (/) - cycle Shift-Dir - straight line, f/p - dart slug
Aim: a dart slug (severely wounded, 100% to hit)
You miscast Magic Dart.
You are very lightly contaminated with residual magic.
Nothing appears to happen. ๐Ÿ˜• MP[-1]
You lost 1 mp, and now have 1/4 mp.
Aiming: Magic Dart (safe; 10% risk of failure)
Press: ? - help, Q - select action, (/) - cycle Shift-Dir - straight line, f/p - dart slug
Aim: a dart slug (severely wounded, 100% to hit)
You miscast Magic Dart.
Nothing appears to happen. ๐Ÿ˜• MP[-1]
You lost 1 mp, and now have 0/4 mp.
You don't have enough magic to cast this spell.
Unknown command.
You don't have enough magic to cast this spell.
Unknown command.
You aren't carrying any items that you can evoke.
You aren't carrying any potions.
Unknown command.
You aren't carrying any potions.
As you read the scroll labelled PAMOLOLYGI, it crumbles to dust.
The creatures around you are filled with an inner flame!
It was a scroll of immolation.
Unknown command.
You start resting.
A hobgoblin is nearby!
Throw: 16 stones {throwing}
Press: ? - help, Shift-Dir - straight line, f - hobgoblin
Aim: a hobgoblin (inner flame, 56% to hit)
You throw a stone {throwing}.
The stone {throwing} closely misses the hobgoblin.
Throw: 15 stones {throwing}
Press: ? - help, Shift-Dir - straight line, f - dart slug
Aim: a dart slug (severely wounded, 93% to hit)
You throw a stone {throwing}.
The stone {throwing} hits the dart slug.
You hit the dart slug.
You kill the dart slug!
Your Conjurations skill increases to level 2!
The hobgoblin closely misses you. The hobgoblin misses you.
The hobgoblin hits you. ๐Ÿ˜ฎ HP[-3] MP[+1]
You take 3 damage, and now have 8/13 hp.
MASSIVE DAMAGE!! (PAUSE)
Aiming: Magic Dart (safe; 9% risk of failure)
Press: ? - help, Q - select action, (/) - cycle Shift-Dir - straight line, f - hobgoblin
Aim: a hobgoblin (inner flame, 100% to hit)
The magic dart hits the hobgoblin.
Flame seeps out of the hobgoblin.
The hobgoblin is engulfed in blazing flames.
The hobgoblin explodes!
The fiery explosion engulfs you!!!
Ouch! That really hurt!
You die...

Skill      XL: |  1 |
---------------+----+-----
Conjurations   | 2 |  2.0
Dodging        | |  1.7
Stealth        | |  1.7
Spellcasting   | |  3.0
Summonings     | |  1.0
Translocations | |  0.8

Action                   || total
-------------------------++-------
Melee: Dagger            ||     2
Throw: Stone             ||     2
 Cast: Magic Dart        ||    16
  Use: Scroll            ||     1
       Potion            ||     1
Dodge: Dodged            ||     5

Levels and vault maps discovered:
D:1:      dpeg_arrival_boxorama, layout_rooms,
          dreamdust_ecumenical_altar_drowned_temple

Notes
Turn   | Place    | Note
-------+----------+-------------------------------------------
     0 | D:1      | spaghetti the Demonspawn Hedge Wizard began the quest for
                  | the Orb.
     0 | D:1      | Reached XP level 1. HP: 13/13 MP: 4/4
     0 | D:1      | magus.rc [v1.9.6]
   185 | D:1      | Reached skill level 2 in Conjurations
   188 | D:1      | Killed by an exploding hobgoblin... ignited by their inner
                  | flame

Vanquished Creatures
  A dart slug (D:1)
  A ball python (D:1)
  A hobgoblin (D:1)
  A quokka (D:1)
  A bat (D:1)
  A kobold (D:1)
  A rat (D:1)
7 creatures vanquished.

Table legend:
 A = Non-vault XP
 B = Vault XP
 C = Vault XP percentage of total XP
 D = Non-vault monster count
 E = Vault monster count
 F = Vault count percentage of total count
                 A         B        C        D         E       F
            +---------+---------+-------+---------+---------+-------
      Total |      13 |       0 |   0.0 |       7 |       0 |   0.0
            +---------+---------+-------+---------+---------+-------
        D:1 |      13 |       0 |   0.0 |       7 |       0 |   0.0
            +---------+---------+-------+---------+---------+-------

Illustrated notes

Table legend:
 A = Kills in this place as a percentage of kills in entire the game.
 B = Kills by you in this place as a percentage of kills by you in the entire game.
 C = Kills by friends in this place as a percentage of kills by friends in the entire game.
 D = Other kills in this place as a percentage of other kills in the entire game.
 E = Experience gained in this place as a percentage of experience gained in the entire game.
 F = Experience gained in this place divided by the number of levels of this place that you have seen.
                   A       B       C       D       E      F
               +-------+-------+-------+-------+-------+----------------------
         Total | 100.0 | 100.0 |   N/A |   N/A | 100.0 |  13.0
       Dungeon | 100.0 | 100.0 |   N/A |   N/A | 100.0 |  13.0
               +-------+-------+-------+-------+-------+----------------------

Table legend: (Time is in decaauts)
 A = Elapsed time spent in this place.
 B = Non-inter-level travel time spent in this place.
 C = Inter-level travel time spent in this place.
 D = Time resting spent in this place.
 E = Time spent auto-exploring this place.
 F = Levels seen in this place.
 G = Mean time per level.
                   A        B        C        D        E       F      G
               +--------+--------+--------+--------+--------+-----+--------+
         Total |    188 |    188 |      0 |      2 |    142 |   1 |  188.0 |
       Dungeon |    188 |    188 |      0 |      2 |    142 |   1 |  188.0 |
               +--------+--------+--------+--------+--------+-----+--------+

Top non-repeatable levels by time:
     D:1: 188 daAuts
